Map: [ESL] Oceanborn

Players

HeroMarine

  • Race: Terran Terran
  • Spawn Location: 5:00

ShoWTimE - Winner!

  • Race: Protoss Protoss
  • Spawn Location: 11:00

Event: ESL SC2 Masters 2023 Winter (Regional)

VOD

Have the link to the VOD?

Description

Time

  • Played on: Nov. 18, 2023, 10:09 a.m.
  • Length: 11:11

All games in this series

Show
View Real Time Build Order
Export as new Build Order

HeroMarine Terran 

Build Orders:  

Get SALT Encoding   

  12  0:00  SCV  
  13  0:12  SCV  
  14  0:16  Supply Depot  
  14  0:24  SCV  
  15  0:38  SCV  
  15  0:39  Barracks  
  15  0:42  Refinery  
  16  0:50  SCV  
  16  0:54  Refinery  
  17  1:02  SCV  
  18  1:14  SCV  
  19  1:26  Orbital Command  
  19  1:28  Barracks Reactor, Supply Depot  
  19  1:40  Factory  
  19  1:52  SCV  
  20  2:04  Reaper, SCV  
  20  2:05  Reaper  
  23  2:16  SCV  
  24  2:23  Hellion  
  24  2:27  Command Center  
  26  2:36  Reaper  
  26  2:37  Reaper  
  28  2:38  Supply Depot  
  28  2:40  SCV  
  29  2:46  Hellion  
  31  2:57  Starport  
  31  3:00  SCV  
  32  3:08  Marine x2  
  32  3:12  Cyclone, SCV  
  37  3:24  SCV  
  38  3:28  Marine  
  39  3:39  Orbital Command, Medivac, Marine, SCV  
  43  3:45  Cyclone  
  43  3:46  Marine  
  46  3:52  Barracks  
  46  3:53  SCV  
  47  3:57  Marine  
  48  4:05  SCV  
  48  4:06  SCV  
  48  4:09  Viking  
  52  4:10  Marine  
  52  4:13  Supply Depot  
  53  4:18  Factory Tech Lab  
  53  4:21  Barracks  
  53  4:22  SCV  
  54  4:35  Supply Depot, Marine x2, SCV x2  
  58  4:44  Starport Tech Lab  
  58  4:47  SCV x2  
  58  4:48  Supply Depot  
  58  4:52  Engineering Bay  
  60  4:59  SCV x2, Marine x3  
  64  5:00  Stimpack  
  65  5:11  SCV x2  
  53  5:22  Marine x2  
  53  5:23  SCV x2, Marine  
  56  5:29  Terran Infantry Weapons Level 1  
  56  5:31  Starport Reactor  
  56  5:33  Marine  
  56  5:34  Combat Shield, Refinery  
  51  5:35  SCV  
  51  5:36  SCV  
  51  5:38  Factory Reactor  
  51  5:40  Missile Turret, Marine  
  51  5:41  Missile Turret, Marine  
  56  5:48  SCV x2, Marauder  
  59  5:51  Marauder  
  59  5:56  Supply Depot, Refinery  
  61  5:57  Missile Turret  
  61  5:58  Marine  
  61  5:59  Marine  
  61  6:00  SCV  
  61  6:01  SCV  
  64  6:09  Supply Depot, Marauder  
  66  6:12  Medivac x2  
  72  6:20  Marauder  
  72  6:22  Marine x2  
  72  6:25  Widow Mine  
  78  6:29  Widow Mine  
  78  6:32  Command Center  
  78  6:37  Supply Depot  
  78  6:38  Marauder  
  80  6:41  Marauder, Marine x2  
  80  6:42  Medivac  
  86  6:53  Supply Depot  
  86  6:58  SCV x2, Medivac  
  86  6:59  Widow Mine x2  
  94  7:07  Supply Depot  
  94  7:14  Marauder, Medivac, Marine x2, SCV x2  
  102  7:23  Barracks  
  102  7:25  Barracks  
  102  7:29  Marauder, Medivac  
  106  7:31  SCV x2  
  106  7:32  Marine x2  
  106  7:36  Marauder  
  112  7:39  Terran Infantry Armor Level 1  
  112  7:42  Widow Mine x2, Supply Depot  
  116  7:46  SCV  
  116  7:47  Orbital Command, SCV  
  118  7:57  Missile Turret  
  120  7:58  SCV, Medivac  
  120  7:59  SCV, Medivac  
  124  8:10  Marine x2, Marauder x2  
  130  8:15  SCV x2  
  130  8:16  Orbital Command  
  132  8:22  Supply Depot  
  132  8:27  SCV x2  
  133  8:31  Barracks Reactor, Barracks Tech Lab, Marauder x2  
  133  8:32  Widow Mine  
  140  8:37  Widow Mine  
  140  8:41  SCV  
  140  8:42  Medivac  
  140  8:47  Marine x2  
  134  8:50  SCV  
  134  8:52  Marauder x2, Medivac  
  134  8:53  SCV  
  134  9:03  Ghost Academy  
  134  9:05  SCV  
  134  9:06  SCV, Widow Mine x2  
  134  9:08  SCV  
  141  9:11  Refinery x2  
  141  9:12  Viking  
  141  9:14  Marauder  
  141  9:15  Armory  
  141  9:16  Engineering Bay  
  145  9:20  SCV x3  
  148  9:43  Command Center  
  148  9:46  Supply Depot  
  148  9:47  Marauder, Supply Depot  
  148  9:48  Viking x2  
  141  9:54  Marauder  
  141  9:56  Marauder  
  135  10:06  Marine x2  
  133  10:07  Marine x2, Starport  
  133  10:08  Ghost  
  137  10:14  Ghost  
  137  10:16  Ghost  
  137  10:18  Viking x2  
  145  10:22  Barracks x2  
  145  10:24  Barracks  
  143  10:30  Marine x2  
  143  10:31  Marine x2  
  143  10:37  Marauder  
  143  10:43  Marauder  
  143  10:45  Marauder  
  143  10:48  Marine  
Show
View Real Time Build Order
Export as new Build Order

ShoWTimE Protoss - Winner!

Build Orders: 1 Gate Expand, Phoenix Opening, Colossus Rush 

Get SALT Encoding   

  12  0:00  Probe  
  13  0:12  Probe  
  14  0:17  Pylon  
  14  0:24  Probe (Chrono Boost)  
  15  0:36  Probe (Chrono Boost)  
  15  0:37  Gateway  
  16  0:45  Assimilator, Probe (Chrono Boost)  
  17  0:51  Probe  
  18  1:03  Probe  
  19  1:15  Probe  
  20  1:23  Cybernetics Core  
  20  1:31  Nexus  
  20  1:34  Probe  
  21  1:40  Pylon  
  21  1:46  Probe  
  22  1:48  Assimilator  
  22  1:57  Adept (Chrono Boost)  
  22  1:58  Probe  
  25  2:10  Probe  
  26  2:18  Stargate  
  26  2:21  Adept (Chrono Boost)  
  26  2:22  Probe  
  29  2:32  Warp Gate  
  29  2:35  Probe (Chrono Boost)  
  30  2:41  Shield Battery  
  30  2:43  Probe (Chrono Boost)  
  33  2:51  Adept  
  33  2:52  Probe x2 (Chrono Boost)  
  33  2:57  Probe (Chrono Boost)  
  35  2:58  Probe  
  35  3:01  Phoenix  
  39  3:05  Pylon  
  39  3:09  Probe  
  39  3:10  Probe  
  41  3:21  Probe  
  41  3:22  Probe  
  41  3:26  Phoenix  
  45  3:33  Robotics Facility, Probe  
  46  3:35  Probe  
  46  3:39  Assimilator  
  46  3:41  Assimilator  
  47  3:44  Pylon  
  47  3:45  Probe  
  47  3:47  Probe  
  49  3:54  Gateway  
  49  3:56  Phoenix  
  49  3:57  Probe (Chrono Boost)  
  53  4:04  Probe (Chrono Boost)  
  53  4:08  Probe (Chrono Boost)  
  54  4:12  Probe (Chrono Boost)  
  54  4:13  Probe (Chrono Boost)  
  54  4:15  Pylon  
  56  4:21  Robotics Bay  
  56  4:22  Immortal (Chrono Boost)  
  56  4:23  Probe  
  61  4:33  Stalker  
  63  4:40  Pylon  
  65  4:46  Pylon  
  65  4:49  Pylon  
  65  4:51  Phoenix  
  65  5:01  Pylon  
  65  5:04  Observer  
  65  5:06  Pylon, Stalker  
  67  5:17  Adept  
  67  5:21  Probe  
  66  5:24  Phoenix  
  64  5:28  Probe  
  64  5:29  Colossus (Chrono Boost)  
  71  5:42  Nexus  
  71  5:43  Pylon  
  71  5:46  Probe x2  
  71  5:47  Sentry  
  75  5:58  Probe x2  
  77  6:04  Observer  
  77  6:10  Probe x2  
  79  6:12  Colossus (Chrono Boost)  
  79  6:17  Extended Thermal Lance (Chrono Boost)  
  85  6:21  Gateway  
  85  6:22  Probe  
  85  6:23  Probe  
  85  6:24  Shield Battery  
  87  6:35  Probe x2  
  87  6:37  Twilight Council, Forge  
  89  6:41  Pylon, Phoenix  
  92  6:47  Probe x2  
  92  6:52  Gateway  
  91  6:54  Colossus (Chrono Boost)  
  91  6:59  Probe x2  
  91  7:01  Zealot  
  101  7:02  Zealot  
  101  7:04  Charge  
  101  7:05  Shield Battery, Protoss Ground Weapons Level 1 (Chrono Boost)  
  103  7:11  Probe x2  
  103  7:12  Probe  
  103  7:13  Pylon  
  106  7:19  Shield Battery  
  106  7:20  Pylon  
  106  7:25  Zealot  
  106  7:26  Photon Cannon  
  108  7:33  Gateway  
  108  7:39  Gateway x2  
  108  7:40  Phoenix  
  108  7:43  Zealot  
  112  7:46  Stalker  
  112  7:48  Stalker  
  116  7:52  Assimilator, Probe  
  116  7:55  Assimilator, Immortal (Chrono Boost)  
  121  8:01  Probe x2  
  121  8:04  Probe, Pylon  
  124  8:06  Sentry  
  124  8:07  Sentry  
  124  8:09  Phoenix  
  130  8:17  Stalker  
  132  8:22  Zealot, Pylon  
  132  8:24  Warp Prism (Chrono Boost)  
  134  8:27  Photon Cannon  
  136  8:40  Zealot x4  
  136  8:41  Zealot  
  140  8:46  Phoenix  
  127  8:52  Probe x2  
  127  8:54  Photon Cannon, Probe  
  128  8:56  Immortal  
  128  8:58  Blink (Chrono Boost)  
  128  9:00  Zealot  
  134  9:06  Templar Archives  
  134  9:17  Zealot  
  134  9:19  Probe x2  
  134  9:23  Shield Battery, Pylon  
  138  9:26  Pylon  
  138  9:28  Probe  
  138  9:30  Zealot  
  133  9:57  Zealot x7  
  133  9:59  Phoenix  
  133  10:14  Gateway  
  133  10:15  Nexus  
  133  10:18  Pylon  
  133  10:20  High Templar x6  
  133  10:21  Disruptor (Chrono Boost), Stalker  
  147  10:25  Archon  
  147  10:26  Archon x2  
  151  10:28  Phoenix  
  153  10:46  Zealot  
  149  10:52  Zealot x5  
  159  10:58  Zealot  
  137  11:08  Zealot  
Tags
 
Add a new tag
Caveats
  • Supply blocks, unpowered buildings, or Contaminate may cause inaccurate times.
  • Supply counts are checked every 10 seconds.